 Dungeon Crawl Stone Soup version 0.28.0-49-g6dfe1f597d (webtiles) character file.

Game seed: 14455944723185151466

632 pkoi the Insei (level 7, -2/53 HPs)
             Began as a Demigod Gladiator on May 16, 2022.
             Slain by a water moccasin (5 damage)
             ... on level 6 of the Dungeon.
             The game lasted 00:09:33 (9736 turns).

pkoi the Insei (Demigod Gladiator)                  Turns: 9736, Time: 00:09:34

Health: -2/53      AC:  9    Str: 15    XL:     7   Next: 3%
Magic:  9/13       EV: 13    Int: 18    God:
Gold:   149        SH:  0    Dex: 15    Spells: 7/10 levels left

rFire   . . .      SeeInvis .   u - +2 hand axe (venom)
rCold   . . .      Faith    .   (no shield)
rNeg    . . .      Spirit   .   i - +3 leather armour
rPois   .          Reflect  .   b - +0 helmet
rElec   .          Harm     .   (no cloak)
rCorr   .          Rampage  .   h - +0 pair of gloves
Will    .....                   l - +0 pair of boots
Stlth   +.........              (no amulet)
HPRegen 0.17/turn               (no ring)
MPRegen 0.13/turn               (no ring)

@: no status effects
A: high MP 1, forlorn, divine attributes
a: no special abilities


You were on level 6 of the Dungeon.
You visited 1 branch of the dungeon, and saw 6 of its levels.

You collected 246 gold pieces.
You spent 97 gold pieces at shops.

Inventory:

Hand Weapons
 d - a +1 whip
 g - a +2 dagger of flaming
 n - a +0 rapier
 o - a +1 dagger of protection
 u - a +2 hand axe of venom (weapon)
Missiles
 c - 3 throwing nets
 e - 15 poisoned darts
 j - 3 curare-tipped darts
 p - 101 stones
Armour
 a - a +0 leather armour
 b - a +0 helmet (worn)
 h - a +0 pair of gloves (worn)
 i - a +3 leather armour (worn)
 l - a +0 pair of boots (worn)
 r - a +2 scale mail of willpower
Magical Staves
 f - a staff of poison
Jewellery
 x - a +6 ring of dexterity
 y - a ring of flight
Wands
 v - a wand of acid (9)
 w - a wand of flame (16)
Scrolls
 q - 2 scrolls of blinking
 s - 2 scrolls of fog
Potions
 m - a potion of curing
 t - a potion of might
 z - a potion of flight


   Skills:
 - Level 1.7 Fighting
 - Level 1.7 Throwing
 + Level 2.5 Armour
 + Level 3.9 Dodging
 + Level 4.3 Unarmed Combat
 + Level 2.0 Spellcasting
 + Level 2.3 Air Magic
 + Level 1.6 Earth Magic
 + Level 2.1 Poison Magic


You had 7 spell levels left.
You knew the following spells:

 Your Spells              Type           Power      Damage    Failure   Level
a - Poisonous Vapours     Pois/Air       18%        N/A       14%         2
b - Sandblast             Erth           14%        2d6       12%         1

Your spell library contained the following spells:

 Spells                   Type           Power      Damage    Failure   Level
 Corpse Rot               Necr/Air       12%        N/A       21%         2
 Summon Small Mammal      Summ           4%         N/A       22%         1
 Passwall                 Tmut/Erth      3%         N/A       24%         2
 Stone Arrow              Conj/Erth      8%         3d7       43%         3
 Call Canine Familiar     Summ           1%         N/A       54%         3
 Summon Guardian Golem    Hex/Summ       1%         N/A       54%         3


Dungeon Overview and Level Annotations

Branches:
Dungeon (6/15)             Temple (0/1) D:6

Shops:
D:1 *   D:4 [


Innate Abilities, Weirdness & Mutations

You have an increased reservoir of magic. (+10% MP)
You shall have no god before yourself.
Your divine heritage dramatically boosts your attributes as you level up.


Message History

The bullfrog zombie closely misses you.
You closely miss the water moccasin.
The water moccasin is heavily wounded.
You hit the bullfrog zombie. The water moccasin misses you.
The bullfrog zombie closely misses you.
The water moccasin bites you but does no damage.
The bullfrog zombie completely misses you.
Unknown command.
Found a hunting sling.
Found a staircase to the Ecumenical Temple.
An ogre comes into view. It is wielding a +0 giant club.
The water moccasin bites you but does no damage.
Found 11 gold pieces and a book of Necromancy.
You flicker for a moment.
The water moccasin closely misses you. The water moccasin closely misses you.
You miss the water moccasin.
The water moccasin is almost dead.
The water moccasin closely misses you. The water moccasin bites you.
* * * LOW HITPOINT WARNING * * *
You completely miss the water moccasin.
The water moccasin is almost dead.
You flicker back into view.
The water moccasin bites you!
* * * LOW HITPOINT WARNING * * *
Unknown command.
The water moccasin bites you but does no damage.
Aiming: Sandblast (safe; 12% risk of failure)
Press: ? - help, Q - select action, (/) - cycle Shift-Dir - straight line, f/p - water moccasin
Aim: a water moccasin (almost dead, poisoned, 63% to hit)
The blast of sand misses the water moccasin.
The water moccasin bites you.
* * * LOW HITPOINT WARNING * * *
The water moccasin misses you.
Aiming: Sandblast (safe; 12% risk of failure)
Press: ? - help, Q - select action, (/) - cycle Shift-Dir - straight line, f/p - water moccasin
Aim: a water moccasin (almost dead, poisoned, 63% to hit)
The blast of sand misses the water moccasin.
The water moccasin looks more healthy.
The water moccasin bites you.
You die...

#..# #.# ##.###.# #..##.#
...
#..##.##################..)
#...#........##.......#....
#.#.#.......(##.##.........
#.#.............##.....#...
#.##............##.....#
#...........(@S.##...#?#
####.>........n.##....##
##.#+##....Z..O.#...# #.#
#..........#..?.$ #.#
######..#####.>.# .# .....
.... #####.. #O. #.. #: #..


You could see a water moccasin, an ogre, a necrophage and a bullfrog zombie.

Vanquished Creatures
  A black bear (D:4)
  An ice beast (D:6)
  A water moccasin skeleton (D:5)
  3 jellies
  An orc priest (D:4)
  A centaur skeleton (D:5)
  An orc wizard (D:5)
  Ijyb (D:3)
  8 adders
  A shadow imp (D:4)
  3 worms
  2 dart slugs
  14 orcs
  8 ball pythons
  6 endoplasms
  2 giant cockroaches (D:1)
  8 goblins
  11 hobgoblins
  5 jackals
  A quokka (D:3)
  6 bats
  5 frilled lizards
  A goblin skeleton (D:5)
  2 goblin zombies (D:5)
  4 hobgoblin zombies (D:5)
  8 kobolds
  A kobold skeleton (D:5)
  3 orc zombies (D:5)
  6 rats
115 creatures vanquished.

Vanquished Creatures (others)
  2 fungi (D:1)
2 creatures vanquished.

Grand Total: 117 creatures vanquished

Notes
Turn   | Place    | Note
-------+----------+-------------------------------------------
     0 | D:1      | pkoi the Demigod Gladiator began the quest for the Orb.
     0 | D:1      | Reached XP level 1. HP: 17/17 MP: 3/3
    18 | D:1      | Reached skill level 3 in Unarmed Combat
   370 | D:1      | Reached XP level 2. HP: 2/24 MP: 4/4
   372 | D:1      | HP: 1/24 [bat (1)]
  1410 | D:1      | Found Gingune's General Store.
  1824 | D:1      | Reached XP level 3. HP: 29/29 MP: 5/5
  1908 | D:1      | Learned a level 2 spell: Poisonous Vapours
  2188 | D:2      | Reached skill level 1 in Armour
  3584 | D:3      | Reached XP level 4. HP: 36/36 MP: 7/7
  4227 | D:3      | Noticed Ijyb
  4330 | D:3      | Killed Ijyb
  4331 | D:3      | Reached skill level 1 in Air Magic
  5100 | D:4      | Reached skill level 1 in Poison Magic
  5268 | D:4      | Learned a level 1 spell: Sandblast
  5867 | D:4      | Found Pual's Antique Armour Emporium.
  5918 | D:4      | Reached skill level 1 in Spellcasting
  5918 | D:4      | Reached XP level 5. HP: 18/41 MP: 7/9
  6395 | D:1      | Bought a scroll of blinking for 97 gold pieces
  6747 | D:5      | Entered Level 5 of the Dungeon
  7504 | D:5      | Reached skill level 4 in Unarmed Combat
  7840 | D:5      | Reached skill level 1 in Earth Magic
  7840 | D:5      | Reached XP level 6. HP: 43/48 MP: 10/10
  9461 | D:6      | Reached XP level 7. HP: 53/53 MP: 9/12
  9723 | D:6      | Found a staircase to the Ecumenical Temple.
  9736 | D:6      | Slain by a water moccasin

Illustrated notes

Levels and vault maps discovered:
D:1:      minmay_arrival_glassed_features, layout_basic,
          shapermc_ecumenical_altar_ellora, serial_corexii_hall,
          chequers_hall_statues_wall_a, corexii_hall_statues_i, serial_shops,
          nicolae_lakefront_shop
D:2:      layout_loops_ring, basic_altar
D:3:      layout_loops_ring, uniq_ijyb
D:4:      layout_loops_ring, serial_shops, shop_statue, minmay_close_crescents
D:5:      layout_loops_cross, nicolae_tso_besieged_by_evil, minivault_14,
          nicolae_concentric_dashed_squares_mild
D:6:      layout_basic, nicolae_vehumet_radiance, minmay_temple_entry_arrows

Skill      XL: |  1  2  3  4  5  6  7 |
---------------+----------------------+-----
Unarmed Combat | 3 4 |  4.3
Dodging        | 3 |  3.9
Armour         | 1 2 |  2.5
Air Magic      | 1 2 |  2.3
Poison Magic   | 1 2 |  2.1
Spellcasting   | 1 2 |  2.0
Earth Magic    | 1 |  1.6
Fighting       | |  1.7
Throwing       | |  1.7

Action                   |  1- 3 |  4- 6 |  7- 9 || total
-------------------------+-------+-------+-------++-------
Melee: Whip              |   170 |       |       ||   170
       Unarmed           |     7 |       |       ||     7
       Punch             |     3 |     9 |       ||    12
       Dagger            |    35 |   114 |       ||   149
       Staff             |       |     8 |       ||     8
       Hand axe          |       |   125 |    12 ||   137
 Cast: Sandblast         |       |    12 |     7 ||    19
  Use: Scroll            |     1 |     8 |       ||     9
       Potion            |     1 |     3 |     2 ||     6
 Stab: Sleeping          |     3 |       |       ||     3
       Invisible         |       |       |     1 ||     1
Armor: Leather armour    |    71 |    77 |    17 ||   165
       Scale mail        |     2 |    48 |       ||    50
Dodge: Dodged            |   154 |   181 |    26 ||   361
